AoeStats
← reemsauce

Yucatan

510416842Analyzed
2v2 RM · 1d ago on Sep 30, 2026· 35m 30s· 4 players
Game mode
Random Map
Map size
Medium (4 player)
Population
200
Speed
Normal
Resources
Standard
Victory
Conquest
Starting age
Dark Age
Ending age
Imperial Age
RankedLock teamsTeams togetherTeam positionsShared explorationLock speedFull tech treeHidden civsTurbo modeCheats
Victory
Defeat
🇦🇺 Vikings · Australia
1178
+10
🇺🇸 Romans · United States
1051
+15
🇺🇸 Sicilians · United States
1049
-13
🇺🇸 Mongols · United States
1020
-12
Such_A_Noob
3:16 Loom
11:08 Feudal Age
14:01 Double-Bit Axe
17:55 Castle Age
17:16 Scale Mail Armor
17:26 Forging
18:55 Pikeman
24:01 Fletching
28:31 Wheelbarrow
31:58 Town Watch
CHUPA <AUS>
1:19 Loom
11:08 Feudal Age
17:35 Castle Age
15:36 Double-Bit Axe
15:44 Gold Mining
15:42 Horse Collar
16:34 Town Watch
16:56 Stone Mining
17:20 Scale Mail Armor
17:30 Forging
17:21 Fletching
17:33 Padded Archer Armor
19:50 Bodkin Arrow
20:11 Leather Archer Armor
23:05 Bow Saw
22:57 Heavy Plow
24:51 Scale Mail Armor
27:31 Forging
27:37 Chain Mail Armor
30:26 Iron Casting
29:57 Squires
29:43 Arson
30:21 Ballistics
29:54 Elite Skirmisher
34:18 Imperial Age
32:54 Gold Shaft Mining
35:36 Conscription
reemsauce
10:56 Feudal Age
13:17 Stone Mining
14:41 Gold Mining
19:05 Horse Collar
21:33 Forging
25:56 Castle Age
27:27 Scale Mail Armor
29:43 Chain Mail Armor
Kool Aid Kid
10:29 Feudal Age
10:17 Loom
16:22 Castle Age
14:18 Double-Bit Axe
22:00 Horse Collar
23:33 Fletching
23:43 Padded Archer Armor
24:48 Thumb Ring
24:42 Bodkin Arrow
29:24 Leather Archer Armor
29:05 Gold Mining
30:28 Stone Mining
32:57 Wheelbarrow
33:44 Man-at-Arms
34:26 Squires
37:26 Imperial Age
Connection lost

Rejoining the realm…

Still unreachable

The connection could not be restored.

Session expired

The server has moved on; the page needs a fresh start.